 Dungeon Crawl Stone Soup version 0.28-a0-938-gbc3f381 (webtiles) character file.

Game seed: 3252388384134776619

8 Blightor the Ducker (level 2, 7/14 HPs)
             Began as a Felid Berserker on Jan 27, 2020.
             Was a Follower of Trog.
             Quit the game on level 1 of the Dungeon on Nov 28, 2021.
             The game lasted 00:04:15 (170 turns).

Blightor the Ducker (Felid Berserker)                Turns: 170, Time: 00:04:16

Health: 7/14       AC:  1    Str: 13    XL:     2   Next: 0%
Magic:  3/3        EV: 18    Int:  8    God:    Trog [*.....]
Gold:   13         SH:  0    Dex: 15    Spells: 1/1 levels left
                                        Lives:  0   Deaths: 0

rFire   . . .      SeeInvis +     - Unarmed
rCold   . . .      Faith    .   (shield unavailable)
rNeg    . . .      Spirit   .   (armour unavailable)
rPois   .          Reflect  .   (helmet unavailable)
rElec   .          Harm     .   (cloak unavailable)
rCorr   .          Rampage  .   (gloves unavailable)
Will    .....                   (boots unavailable)
Stlth   +.........              (no amulet)
HPRegen 0.04/turn               (no ring)
MPRegen 0.08/turn               (no ring)

@: quick
A: very small, claws 1, fangs 3, see invisible, speed 1, shaggy fur 1, stealthy
paws, no weapons or thrown items, no armour, multi-lived
a: Renounce Religion, Berserk


You were on level 1 of the Dungeon.
You worshipped Trog.
Trog was aware of your devotion.
You visited 1 branch of the dungeon, and saw 1 of its levels.

You collected 13 gold pieces.

Inventory:

Scrolls
 b - a scroll of teleportation {unknown}
 c - a scroll of amnesia {unknown}
 d - 3 scrolls of magic mapping {unknown}
 e - a scroll of enchant weapon {unknown}
Comestibles
 a - 2 removed foods


   Skills:
 + Level 3.1 Fighting
 + Level 4.2 Dodging
 + Level 3.2 Unarmed Combat


You had one spell level left.
You didn't know any spells.
Your spell library was empty.

Dungeon Overview and Level Annotations

Branches:
Dungeon (1/15)

Altars:


Innate Abilities, Weirdness & Mutations

You have sharp claws.
You have razor-sharp teeth.
You have supernaturally acute eyesight. (SInv)
You cover ground quickly. (Speed+)
You are covered in fur. (AC +1)
Your paws help you pounce on unaware monsters.
You are incapable of wielding weapons or throwing items.
You cannot wear armour.
You gain extra lives every three experience levels.


Message History

You scratch the giant cockroach but do no damage.
The giant cockroach barely misses you.
You scratch the giant cockroach.
You bite the giant cockroach, but do no damage.
The giant cockroach is heavily wounded.
The giant cockroach misses you.
You barely miss the giant cockroach.
The giant cockroach is heavily wounded.
The giant cockroach misses you.
You scratch the giant cockroach.
The giant cockroach is almost dead.
The giant cockroach misses you.
You scratch the giant cockroach.
You kill the giant cockroach!
Trog accepts your kill.
You see here a giant cockroach corpse.
You open the door. You open the door.
A leopard gecko comes into view.
The leopard gecko hisses angrily.
The leopard gecko misses you.
You miss the leopard gecko. The leopard gecko barely misses you.
You barely miss the leopard gecko.
The leopard gecko completely misses you.
You closely miss the leopard gecko. The leopard gecko closely misses you.
You scratch the leopard gecko.
The leopard gecko is almost dead.
The leopard gecko bites you.
You scratch the leopard gecko.
You kill the leopard gecko!
Trog accepts your kill.
You have reached level 2!
You see here a leopard gecko corpse.
Saving game... please wait.
Welcome back, Blightor the Felid Berserker.
Trog says: Kill them all!
Press ? for a list of commands and other information.
You aren't carrying any potions.
Are you sure you want to abandon this character and quit the game? (Confirm with "yes".)

######### ########
##....@..####......#
..........'..>......
..........#.........
..........#....####
...########.#...#####
..... #..'.......#
...... #..#...†...#
..... #..#.......####
....####..#.......#..


There were no monsters in sight!

Vanquished Creatures
  A removed leopard gecko (D:1)
  A bat (D:1)
  A giant cockroach (D:1)
  A goblin (D:1)
  2 kobolds (D:1)
  2 rats (D:1)
8 creatures vanquished.

Notes
Turn   | Place    | Note
-------+----------+-------------------------------------------
     0 | D:1      | Blightor the Felid Berserker began the quest for the Orb.
     0 | D:1      | Reached XP level 1. HP: 10/10 MP: 2/2
   167 | D:1      | Reached XP level 2. HP: 7/14 MP: 3/3
   170 | D:1      | Upgraded the game from 0.25-a0-435-g4b9beb1 to
                  | 0.28-a0-938-gbc3f381
   170 | D:1      | Quit the game

Illustrated notes

Levels and vault maps discovered:
D:1:      roderic_dead_forest, layout_basic, minivault_14

Action                   || total
-------------------------++-------
Melee: Unarmed           ||    27
       Punch             ||     1
  Eat: Removed food      ||     3
Armor: Skin              ||     1
Dodge: Dodged            ||    17

Table legend: (Time is in decaauts)
 A = Elapsed time spent in this place.
 B = Non-inter-level travel time spent in this place.
 C = Inter-level travel time spent in this place.
 D = Time resting spent in this place.
 E = Time spent auto-exploring this place.
 F = Levels seen in this place.
 G = Mean time per level.
                   A        B        C        D        E       F      G
               +--------+--------+--------+--------+--------+-----+--------+
         Total |    142 |     63 |     79 |      0 |      0 |   1 |  142.0 |
       Dungeon |    142 |     63 |     79 |      0 |      0 |   1 |  142.0 |
               +--------+--------+--------+--------+--------+-----+--------+
